 Dungeon Sprint DCSS version 0.18-a0-1361-g9293dd1 (webtiles) character file.

23471 Kidiri the Unseen (level 12, -50/64 HPs)
             Began as a Spriggan Enchanter on Feb 21, 2016.
             Was the Champion of Dithmenos.
             Killed from afar by a fire giant (59 damage)
             ... with a fireball
             ... in the Dungeon (Sprint I: "Red Sonja").
             The game lasted 00:18:44 (3472 turns).

Kidiri the Unseen (Spriggan Enchanter)              Turns: 3472, Time: 00:18:44

Health: -50/64     AC: 14    Str:  7    XL:     12   Next: 72%
Magic:  6/29       EV: 34    Int: 19    God:    Dithmenos [******]
Gold:   1779       SH: 10    Dex: 19    Spells: 5 memorised, 29 levels left

rFire  . . .     SeeInvis +     s - +5 short sword (holy)
rCold  . . .     Gourm    .     o - +3 robe of Greed {rElec rF- Str+7}
rNeg   . . .     Faith    .     c - +2 buckler
rPois  +         Spirit   .     r - +1 hat
rElec  +         Dismiss  .     q - +2 cloak
rCorr  .         Reflect  .     (gloves unavailable)
SustAt .         Harm     .     (boots unavailable)
MR     +++..     Rnd*Rage +     (no amulet)
Stlth  ++++++++++ NoTele   +    v - +5 ring of protection
                                t - ring of protection from magic

@: very slightly contaminated, wreathed by umbra, very quick, extremely
resistant to hostile enchantments, uncannily stealthy
A: unfitting armour, see invisible, berserk 1, fire resistance 1, herbivore 3,
speed 3, low mp 1, poison resistance, slow metabolism 2, weak 2, MP-powered
wands
a: Shadow Step, Shadow Form, Renounce Religion


You were in the Dungeon.
You worshipped Dithmenos.
Dithmenos was exalted by your worship.
You were hungry.

You visited 1 branch You collected 3524 gold pieces.
You spent 1745 gold pieces at shops.

Inventory:

Hand Weapons
 s - a +5 short sword of holy wrath (weapon)
Missiles
 l - 2 throwing nets (quivered)
Armour
 c - a +2 buckler (worn)
 o - the +3 robe of Greed (worn) {rElec rF- Str+7}
   (You found it in the Dungeon)

   It affects your strength (+7).
   It makes you vulnerable to fire.
   It insulates you from electricity.
 p - the +3 robe of Space {Regen+ Int+5}
   (You bought it in a shop in the Dungeon)

   It affects your intelligence (+5).
   It increases your rate of regeneration.
 q - a +2 cloak (worn)
 r - a +1 hat (worn)
Jewellery
 t - a ring of protection from magic (left hand)
 v - a +5 ring of protection (right hand)
Wands
 e - a wand of hasting (3/9)
 n - a wand of acid (4/15)
Scrolls
 j - a scroll of blinking
Potions
 g - a potion of haste
 h - 2 potions of magic
 i - 2 potions of berserk rage
 u - 3 potions of curing
Comestibles
 d - a bread ration
 k - 3 fruits
 m - a slice of pizza


   Skills:
 + Level 7.6 Fighting
 * Level 14.0 Short Blades
 + Level 7.1 Armour
 * Level 17.8 Dodging
 * Level 19.1 Stealth
 * Level 6.1 Shields
 * Level 15.4 Spellcasting
 + Level 6.7 Conjurations
 + Level 11.5 Hexes
 + Level 7.5 Ice Magic
 - Level 2.2 Invocations


You had 29 spell levels left.
You knew the following spells:

 Your Spells              Type           Power        Failure   Level  Hunger
a - Corona                Hex            ######.      1%          1    None
b - Ensorcelled Hibernat  Hex/Ice        ######       1%          2    None
c - Confuse               Hex            ######..     1%          3    None
d - Tukima's Dance        Hex            ######..     1%          3    None
e - Dazzling Spray        Conj/Hex       #####...     1%          3    None


Dungeon Overview and Level Annotations

Branches:
Dungeon (1/1)

Altars:
Cheibriados
Dithmenos
Elyvilon
Fedhas
Gozag
Kikubaaqudgha
Makhleb
Nemelex Xobeh
Okawaru
Pakellas
Qazlal
Ru
Sif Muna
Trog
Vehumet
Xom
Yredelemnul
Zin
The Shining One
Jiyva

Shops:
D }(=[**([(%(%[*(?[}*[[(

Annotations:
D Norris


Innate Abilities, Weirdness & Mutations

You are tiny and cannot use many weapons and most armour.
You have supernaturally acute eyesight.
You are an herbivore.
You cover ground extremely quickly.
You need consume almost no food.
You tend to lose your temper in combat.
Your flesh is heat resistant.
Your magical capacity is low (-10% MP).
Your system is resistant to poisons.
You are very weak. (Str -4)
You expend magic power (3 MP) to strengthen your wands.


Message History

You hit the fire giant but do no damage.
The fire giant is almost dead.
Your shadow hits the fire giant with a short sword.
Unknown command.
You hit the fire giant but do no damage.
The fire giant is almost dead.
You block the fire giant's attack.
Unknown command.
You catch the helpless fire giant completely off-guard!
You skewer the fire giant like a kebab!!!
You kill the fire giant!
Dithmenos accepts your kill.
Dithmenos appreciates your extinguishing a source of fire.
Your Short Blades skill increases to level 14!
Your Stealth skill increases to level 19!
Your Shields skill increases to level 6!
The fire giant gestures at you while chanting.
The fireball explodes!
The fireball engulfs you!
Ouch! That really hurt!
You die...

##+####§..#@#§##$$$#,,##.§§§#.∩)#
#.....#...###..###$#,,≈###+##..§#
#...§§+.....##.#A#$#,,≈,,#§####+#
###§§§#^....#..###$#,,≈,##+#.§.§#
+.#§§.###++##.##..$#,,≈##..§§.§..
#.#§§###..###..#+###,,≈#....§.§§§
#.#§§####§.###.§§#,≈,,##...§..§§.
#§##+#..#.§#.###§#,≈,,#......[§§§
#§##.#.§.§§....#@#**,,#.....[§§..
+.####.§§§.....#§#,+,,##..^...§§.
#.#%.+......####C#,**+*#.....§...
#§#####...###§.§.#,*≈≈≈##........
+§#$!(#####C§C####,*≈≈≈≈##)[.[(.#
###/....)..C###,,,,*≈≈≈≈≈########
*,!?....#####,,,,****≈≈≈≈*≈≈≈≈≈*,
*,[..C.**,,,,,,,,*,,*+≈≈≈+≈≈,≈≈+,
*,....**,,,,,,,,,*,,,**≈≈*≈≈≈≈≈*≈


You could see a fire giant.

Vanquished Creatures
  A golden dragon (D)
  A shadow dragon (D)
  2 fire giants (D)
  A lorocyproca (D)
  A hydra (D)
  2 centaur warriors (D)
  Sonja (D)
  7 unseen horrors (D)
  A deep troll (D)
  A lindwurm (D)
  An oklob plant (D)
  8 shining eyes (D)
  A gargoyle (D)
  2 kobold demonologists (D)
  4 demonic crawlers (D)
  A slime creature (D)
  2 redbacks (D)
  Sigmund (D)
  A yak (D)
  13 hogs (D)
  A wasp (D)
  An ogre (D)
  7 necrophages (D)
  8 jellies (D)
  Ijyb (D)
  7 giant eyeballs (D)
  A giant spore (D)
78 creatures vanquished.

Vanquished Creatures (others)
  A gargoyle (D)
  A giant spore (D)
2 creatures vanquished.

Grand Total: 80 creatures vanquished

Notes
Turn   | Place    | Note
--------------------------------------------------------------
     0 | D        | Kidiri the Spriggan Enchanter began the quest for the Orb.
     0 | D        | Reached XP level 1. HP: 9/9 MP: 5/5
     6 | D        | Noticed Ijyb
    30 | D        | Killed Ijyb
    30 | D        | Reached skill level 1 in Fighting
    30 | D        | Reached skill level 1 in Armour
    30 | D        | Reached skill level 5 in Stealth
    30 | D        | Reached XP level 2. HP: 8/14 MP: 2/8
   120 | D        | Killed a gargoyle
   166 | D        | Learned a level 2 spell: Ensorcelled Hibernation
   173 | D        | Noticed an ogre
   188 | D        | Killed an ogre
   188 | D        | Reached skill level 6 in Dodging
   188 | D        | Reached skill level 7 in Stealth
   188 | D        | Reached skill level 5 in Spellcasting
   188 | D        | Reached skill level 1 in Ice Magic
   188 | D        | Reached XP level 3. HP: 16/18 MP: 2/10
   188 | D        | Reached XP level 4. HP: 20/23 MP: 2/12
   193 | D        | Learned a level 3 spell: Confuse
   197 | D        | Learned a level 3 spell: Tukima's Dance
   201 | D        | Learned a level 3 spell: Dazzling Spray
   272 | D        | Noticed Sigmund
   275 | D        | Killed Sigmund
   275 | D        | Reached skill level 5 in Short Blades
   275 | D        | Reached skill level 8 in Stealth
   275 | D        | Reached skill level 1 in Conjurations
   275 | D        | Reached skill level 5 in Hexes
   275 | D        | Reached XP level 5. HP: 27/27 MP: 13/15
   306 | D        | Found a snail-covered altar of Cheibriados.
   306 | D        | Found a viscous altar of Jiyva.
   306 | D        | Found a shadowy altar of Dithmenos.
   306 | D        | Found a blossoming altar of Fedhas.
   306 | D        | Noticed a slime creature
   310 | D        | Became a worshipper of Dithmenos the Shadowed
   312 | D        | Killed a slime creature
   312 | D        | Reached skill level 9 in Stealth
   312 | D        | Reached skill level 1 in Invocations
   312 | D        | Reached XP level 6. HP: 30/32 MP: 14/17
   336 | D        | Found a deep blue altar of Sif Muna.
   338 | D        | Found a radiant altar of Vehumet.
   342 | D        | Reached skill level 10 in Stealth
   379 | D        | Found Ruiliopp's Antique Armour Emporium.
   379 | D        | Found a white marble altar of Elyvilon.
   379 | D        | Found a stormy altar of Qazlal.
   379 | D        | Found a burning altar of Makhleb.
   379 | D        | Found a sacrificial altar of Ru.
   379 | D        | Found an oddly glowing altar of Pakellas.
   379 | D        | Found a basalt altar of Yredelemnul.
   379 | D        | Found a glowing golden altar of the Shining One.
   379 | D        | Found a sparkling altar of Nemelex Xobeh.
   379 | D        | Found a shimmering altar of Xom.
   379 | D        | Found an opulent altar of Gozag.
   379 | D        | Found an ancient bone altar of Kikubaaqudgha.
   379 | D        | Found a glowing silver altar of Zin.
   379 | D        | Noticed a yak
   380 | D        | Found an iron altar of Okawaru.
   381 | D        | Killed a yak
   381 | D        | Reached * piety under Dithmenos
   381 | D        | Reached XP level 7. HP: 36/36 MP: 19/19
   382 | D        | Found a bloodstained altar of Trog.
   393 | D        | Noticed Sonja
   398 | D        | Killed Sonja
   398 | D        | Reached skill level 10 in Dodging
   398 | D        | Reached skill level 11 in Stealth
   398 | D        | Reached XP level 8. HP: 23/42 MP: 18/22
   537 | D        | Found Pyeclew's Gadget Boutique.
   637 | D        | Noticed a deep troll
   641 | D        | Killed a deep troll
   641 | D        | Reached skill level 12 in Stealth
   651 | D        | Found Baylauwa's Armour Emporium.
   670 | D        | Noticed a centaur warrior
   671 | D        | Noticed a centaur warrior
   700 | D        | Killed a centaur warrior
   700 | D        | Reached ** piety under Dithmenos
   700 | D        | Reached skill level 13 in Stealth
   700 | D        | Reached skill level 10 in Spellcasting
   700 | D        | Reached XP level 9. HP: 23/46 MP: 17/24
   712 | D        | Noticed an oklob plant
   729 | D        | Killed a centaur warrior
   729 | D        | Reached skill level 5 in Fighting
   743 | D        | Got a crude robe
   754 | D        | Identified the +3 robe of Greed {rElec rF- Str+7} (You found it in the Dungeon)
   885 | D        | Killed an oklob plant
   885 | D        | Reached skill level 10 in Short Blades
   885 | D        | Reached skill level 14 in Stealth
   885 | D        | Reached skill level 5 in Ice Magic
   913 | D        | Reached *** piety under Dithmenos
   951 | D        | Noticed an unseen horror
   952 | D        | Noticed an unseen horror
   958 | D        | Killed an unseen horror
   958 | D        | Reached XP level 10. HP: 51/51 MP: 26/26
   960 | D        | Killed an unseen horror
   960 | D        | Reached skill level 5 in Armour
   983 | D        | Reached **** piety under Dithmenos
  1109 | D        | Reached skill level 15 in Stealth
  1134 | D        | Reached ***** piety under Dithmenos
  1162 | D        | Found Lesaosil's Antique Armour Shoppe.
  1162 | D        | Found Ritzerux's Antique Weapon Shop.
  1162 | D        | Found Iruwaf's Weapon Boutique.
  1164 | D        | Found Punyram's Food Emporium.
  1164 | D        | Found Gidghe's Weapon Shop.
  1164 | D        | Found Qaasemeq's Food Shoppe.
  1164 | D        | Found Mor Cionwu's Armour Boutique.
  1164 | D        | Found Haabb's General Store.
  1164 | D        | Found Tuokud's Weapon Shop.
  1164 | D        | Found Biaged's Magic Scroll Shoppe.
  1285 | D        | Found Ripa Moo's Armour Boutique.
  1286 | D        | Found Rofeuwn's General Store.
  1286 | D        | Found Beavvol's Gadget Boutique.
  1287 | D        | Found Yget's Antique Armour Emporium.
  1298 | D        | Bought the +3 robe of Space {Regen+ Int+5} for 365 gold pieces
  1319 | D        | Bought an embroidered cloak for 72 gold pieces
  1329 | D        | Bought a +1 hat for 143 gold pieces
  1493 | D        | Bought a scroll of enchant armour for 97 gold pieces
  1493 | D        | Bought a scroll of identify for 26 gold pieces
  1493 | D        | Bought a scroll of remove curse for 39 gold pieces
  1493 | D        | Bought a scroll of magic mapping for 45 gold pieces
  1592 | D        | Gained mutation: You evolve. [potion of mutation]
  1592 | D        | Gained mutation: Your system is resistant to poisons. [potion of mutation]
  1593 | D        | Gained mutation: You expend magic power (3 MP) to strengthen your wands. [potion of mutation]
  1593 | D        | Gained mutation: Your flesh is heat resistant. [potion of mutation]
  1654 | D        | Reached ****** piety under Dithmenos
  1654 | D        | Reached skill level 5 in Conjurations
  1795 | D        | Noticed a lindwurm
  1799 | D        | Killed a lindwurm
  1799 | D        | Reached skill level 16 in Stealth
  1813 | D        | Noticed a gargoyle
  1815 | D        | Killed a gargoyle
  1815 | D        | Reached skill level 1 in Shields
  1815 | D        | Reached XP level 11. HP: 56/56 MP: 23/28
  1832 | D        | Noticed Norris
  1832 | D        | Noticed a lorocyproca
  1838 | D        | Killed a lorocyproca
  1838 | D        | Reached skill level 15 in Dodging
  2278 | D        | Reached skill level 10 in Hexes
  2302 | D        | Noticed a 12-headed hydra
  2304 | D        | Killed a 12-headed hydra
  2304 | D        | Reached skill level 17 in Stealth
  2554 | D        | Noticed a shining eye
  2554 | D        | Noticed a shining eye
  2554 | D        | Noticed a shining eye
  2555 | D        | Noticed a shining eye
  2555 | D        | Noticed a shining eye
  2555 | D        | Noticed a shining eye
  2555 | D        | Noticed a shining eye
  2555 | D        | Noticed a shining eye
  2556 | D        | Killed a shining eye
  2562 | D        | Killed a shining eye
  2565 | D        | Killed a shining eye
  2568 | D        | Killed a shining eye
  2574 | D        | Killed a shining eye
  2577 | D        | Killed a shining eye
  2578 | D        | Gained mutation: You are weak. (Str -2) [a shining eye]
  2581 | D        | Gained mutation: You tend to lose your temper in combat. [a shining eye]
  2586 | D        | Killed a shining eye
  2587 | D        | Lost strength.
  2587 | D        | Gained mutation: You are very weak. (Str -4) [a shining eye]
  2592 | D        | Killed a shining eye
  2597 | D        | Found Qiecwour's Antique Weapon Shoppe.
  2597 | D        | Found Umumu's Assorted Antiques.
  2597 | D        | Found Fuasotat's Jewellery Emporium.
  2597 | D        | Found Ommaege's Assorted Antiques.
  2621 | D        | Bought a runed short sword for 78 gold pieces
  2623 | D        | Bought an uncursed ring of protection from magic for 275 gold pieces
  2623 | D        | Bought a +5 ring of protection for 605 gold pieces
  2867 | D        | Noticed a shadow dragon
  2868 | D        | Noticed a golden dragon
  2869 | D        | Killed a golden dragon
  2869 | D        | Reached skill level 18 in Stealth
  2869 | D        | Reached XP level 12. HP: 63/63 MP: 26/31
  2870 | D        | Killed a shadow dragon
  2870 | D        | Reached skill level 5 in Shields
  2957 | D        | Found Seocaukh's Antique Weapon Shoppe.
  2996 | D        | Lost strength.
  3252 | D        | Noticed a daeva
  3264 | D        | Gained mutation: Your magical capacity is low (-10% MP). [evolution]
  3264 | D        | Lost mutation: You evolve. [end of evolution]
  3282 | D        | Reached skill level 15 in Spellcasting
  3442 | D        | Noticed a fire giant
  3444 | D        | Noticed a fire giant
  3444 | D        | Noticed a fire giant
  3444 | D        | Noticed a fire giant
  3445 | D        | Killed a fire giant
  3472 | D        | Killed a fire giant
  3472 | D        | Reached skill level 19 in Stealth
  3472 | D        | Killed from afar by a fire giant

Vault maps used:
D:        dungeon_sprint_1

Action                   |  1- 3 |  4- 6 |  7- 9 | 10-12 || total
-------------------------+-------+-------+-------+-------++-------
Melee: Dagger            |    15 |     4 |    28 |    64 ||   111
       Short sword       |       |       |       |    15 ||    15
 Fire: Shortbow          |       |       |       |     1 ||     1
 Cast: Corona            |     4 |       |       |       ||     4
       Ensorcelled Hiber |     3 |     1 |     7 |    19 ||    30
       Confuse           |       |       |     3 |     6 ||     9
       Dazzling Spray    |       |       |       |    26 ||    26
Invok: Shadow Step       |       |       |       |     6 ||     6
       Shadow Form       |       |       |       |     1 ||     1
  Use: Potion            |     1 |       |       |     3 ||     4
       Scroll            |       |       |       |     7 ||     7
 Stab: Sleeping          |     3 |     4 |     7 |    48 ||    62
       Confused          |       |       |     6 |       ||     6
       Invisible         |       |       |       |     9 ||     9
